 Dungeon Crawl Stone Soup version 0.30-a0-808-g6e0788376e (webtiles) character file.

Game seed: 11214707116998833585

73 cheesebisquit the Cutter (level 4, 0/34 HPs)
             Began as a Merfolk Gladiator on Feb 25, 2023.
             Slain by a gnoll
             ... wielding a +0 club
              (6 damage)
             ... on level 2 of the Dungeon.
             The game lasted 00:05:04 (1456 turns).

cheesebisquit the Cutter (Merfolk Gladiator)        Turns: 1456, Time: 00:05:04

Health: 0/34       AC:  4    Str: 14    XL:     4   Next: 27%
Magic:  4/4        EV: 14    Int:  7    God:
Gold:   52         SH:  0    Dex: 17    Spells: 3/3 levels left

rFire   . . .      SeeInvis .    a - +0 rapier
rCold   . . .      Faith    .    (no shield)
rNeg    . . .      Spirit   .    b - +0 leather armour
rPois   .          Reflect  .    c - +0 helmet
rElec   .          Harm     .    (no cloak)
rCorr   .          Rampage  .    (no gloves)
Will    .....                    (no boots)
Stlth   ++                       (no amulet)
HPRegen 0.25/turn                (no ring)
MPRegen 0.09/turn                (no ring)

@: no status effects
A: (nimble swimmer 2), mertail
a: no special abilities


You were on level 2 of the Dungeon.
You visited 1 branch of the dungeon, and saw 2 of its levels.

You collected 52 gold pieces.

Inventory:

Hand Weapons
 a - a +0 rapier (weapon)
Missiles
 d - 2 throwing nets (quivered)
 e - a javelin
 i - 25 stones
 j - 2 silver javelins
Armour
 b - a +0 leather armour (worn)
 c - a +0 helmet (worn)
Scrolls
 h - a scroll of immolation {unknown}
 n - 2 scrolls of fog {unknown}
Potions
 f - a potion of invisibility {unknown}
 g - a potion of attraction {unknown}
 k - a potion of flight {unknown}
 m - a potion of brilliance {unknown}
 o - a potion of heal wounds {unknown}
 p - a potion of lignification {unknown}


   Skills:
 + Level 2.8 Fighting
 * Level 4.7 Short Blades
 - Level 2.0 Throwing
 + Level 4.7 Dodging
 + Level 1.7 Stealth


You had 3 spell levels left.
You didn't know any spells.
Your spell library contained the following spells:

 Spells                   Type           Power      Damage    Failure   Level
 Ensorcelled Hibernation  Hex/Ice        0%         N/A       65%         2
 Passwall                 Tmut/Erth      0%         N/A       65%         2
 Swiftness                Air            0%         N/A       87%         3


Dungeon Overview and Level Annotations

Branches:
Dungeon (2/15)

Altars:

Shops:
D:1 *


Innate Abilities, Weirdness & Mutations

((You are very nimble when in or above water. (Stealth+, EV+, Speed+++)))
Your lower body shifts to a powerful aquatic tail in water.


Message History

You have reached level 4!
You hit the gnoll.
The gnoll is heavily wounded.
The gnoll barely misses you. The gnoll hits you with a +0 club.
The quokka misses you.
You closely miss the gnoll.
The gnoll is heavily wounded.
The gnoll misses you. The gnoll hits you with a +0 club.
The quokka barely misses you.
You puncture the gnoll!
You kill the gnoll!
The gnoll hits you with a +0 club.
* * * LOW HITPOINT WARNING * * *
The quokka barely misses you.
Okay, then.
You hit the gnoll.
The gnoll is moderately wounded.
The quokka barely misses you. The gnoll hits you with a +0 club.
* * * LOW HITPOINT WARNING * * *
You closely miss the gnoll.
The gnoll is lightly wounded.
The quokka barely misses you. The gnoll hits you with a +0 club.
* * * LOW HITPOINT WARNING * * *
The quokka bites you but does no damage.
You barely miss the gnoll.
The gnoll is lightly wounded.
The gnoll hits you with a +0 club.
* * * LOW HITPOINT WARNING * * *
The quokka barely misses you.
You closely miss the gnoll.
The gnoll is lightly wounded.
The gnoll closely misses you. The quokka bites you.
* * * LOW HITPOINT WARNING * * *
It was a potion of curing.
You feel better. The gnoll hits you with a +0 club.
* * * LOW HITPOINT WARNING * * *
The quokka completely misses you.
You feel better. The quokka bites you.
* * * LOW HITPOINT WARNING * * *
The gnoll hits you with a +0 club.
You die...

#.....#
#.....#
#.....#
+.....#
#.....#
#.....#
#..r).#
#..)@.#
#..g..#
#.....#
#.....#
#######


You could see a gnoll and a quokka.

Vanquished Creatures
  3 gnolls (D:2)
  An adder (D:2)
  2 dart slugs
  4 endoplasms (D:1)
  2 giant cockroaches
  3 goblins (D:1)
  A hobgoblin (D:1)
  A quokka (D:1)
  3 ball pythons
  2 bats (D:1)
  5 frilled lizards
  3 kobolds (D:1)
  4 rats
34 creatures vanquished.

Notes
Turn   | Place    | Note
-------+----------+-------------------------------------------
     0 | D:1      | cheesebisquit the Merfolk Gladiator began the quest for the
                  | Orb.
     0 | D:1      | Reached XP level 1. HP: 16/16 MP: 1/1
   174 | D:1      | Reached XP level 2. HP: 20/23 MP: 2/2
   259 | D:1      | Found Xossinem's Assorted Antiques.
   391 | D:1      | Reached skill level 1 in Stealth
   491 | D:1      | Reached XP level 3. HP: 28/28 MP: 3/3
  1448 | D:2      | Reached XP level 4. HP: 19/34 MP: 4/4
  1456 | D:2      | Slain by a gnoll

Illustrated notes

Levels and vault maps discovered:
D:1:      eino_arrival_water_star, layout_loops_ring, serial_shops,
          nicolae_shop_overgrown_old_shop, serial_glass, glass_columns_a,
          glass_columns_c
D:2:      layout_basic, basic_altar

Skill      XL: |  1  2 |
---------------+-------+-----
Short Blades   | 4 |  4.7
Stealth        | 1 |  1.7
Fighting       | |  2.8
Throwing       | |  2.0
Dodging        | |  4.7

Action                     |  1- 3 |  4- 6 || total
---------------------------+-------+-------++-------
  Melee: Rapier            |    95 |     7 ||   102
         Punch             |     2 |       ||     2
  Throw: Throwing net      |     1 |       ||     1
    Use: Potion            |       |     2 ||     2
   Stab: Sleeping          |     6 |       ||     6
         Distracted        |     1 |       ||     1
 Armour: Leather armour    |    15 |     1 ||    16
  Dodge: Dodged            |    75 |    10 ||    85

Table legend: (Time is in decaauts)
 A = Elapsed time spent in this place.
 B = Non-inter-level travel time spent in this place.
 C = Inter-level travel time spent in this place.
 D = Time resting spent in this place.
 E = Time spent auto-exploring this place.
 F = Levels seen in this place.
 G = Mean time per level.
                   A        B        C        D        E       F      G
               +--------+--------+--------+--------+--------+-----+--------+
         Total |   1451 |   1199 |    252 |    277 |    612 |   2 |  725.5 |
       Dungeon |   1451 |   1199 |    252 |    277 |    612 |   2 |  725.5 |
               +--------+--------+--------+--------+--------+-----+--------+

Top non-repeatable levels by time:
     D:1: 996 daAuts
     D:2: 455 daAuts
